Map: Берлинград РВ

Players

PriestlyWack

  • Race: Protoss Protoss
  • League: Grandmaster
  • Spawn Location: 11:00

Nicoract - Winner!

  • Race: Terran Terran
  • League: Grandmaster
  • Spawn Location: 5:00

VOD

Have the link to the VOD?

Description

Time

  • Played on: July 6, 2022, 10:41 a.m.
  • Length: 6:45
Show
View Real Time Build Order
Export as new Build Order

PriestlyWack Protoss 

Build Orders: 1 Gate Expand, Dark Templar Rush 

Get SALT Encoding   

  12  0:00  Probe  
  13  0:12  Probe  
  14  0:17  Pylon  
  14  0:24  Probe (Chrono Boost)  
  15  0:36  Probe (Chrono Boost)  
  15  0:37  Gateway  
  16  0:44  Probe (Chrono Boost)  
  16  0:46  Assimilator  
  17  0:52  Probe  
  18  1:04  Probe  
  19  1:26  Probe  
  19  1:28  Cybernetics Core, Zealot  
  22  1:42  Nexus  
  22  1:51  Pylon  
  22  1:55  Probe  
  23  2:05  Assimilator  
  23  2:17  Stalker (Chrono Boost)  
  24  2:26  Probe  
  22  2:42  Probe (Chrono Boost)  
  23  2:50  Twilight Council  
  23  2:54  Probe (Chrono Boost)  
  24  3:02  Warp Gate, Probe (Chrono Boost)  
  24  3:05  Probe (Chrono Boost)  
  27  3:13  Probe (Chrono Boost)  
  27  3:15  Probe (Chrono Boost)  
  29  3:21  Probe (Chrono Boost)  
  29  3:25  Robotics Facility  
  29  3:30  Probe (Chrono Boost)  
  29  3:32  Probe  
  30  3:41  Dark Shrine  
  30  3:43  Probe  
  30  3:46  Probe  
  32  3:55  Probe  
  32  4:00  Probe  
  34  4:03  Gateway  
  34  4:08  Probe  
  35  4:11  Warp Prism (Chrono Boost)  
  37  4:18  Probe  
  37  4:20  Probe  
  39  4:31  Probe  
  40  4:33  Probe  
  40  4:35  Gateway  
  41  4:40  Observer  
  41  4:43  Probe  
  41  4:45  Assimilator  
  43  4:47  Assimilator  
  43  4:51  Pylon  
  43  4:53  Shadow Stride, Charge  
  43  4:56  Probe  
  44  5:05  Shield Battery  
  42  5:07  Stalker  
  42  5:08  Stalker  
  40  5:26  Probe  
  37  5:29  Stalker  
  37  5:31  Stalker x2  
  36  5:45  Probe  
  37  5:55  Stalker x3  
  36  6:05  Probe  
  36  6:08  Warp Prism (Chrono Boost)  
  33  6:18  Stalker  
  33  6:19  Stalker x2  
  35  6:26  Probe x2  
  35  6:36  Gateway  
Show
View Real Time Build Order
Export as new Build Order

Nicoract Terran - Winner!

Build Orders: Banshee Rush 

Get SALT Encoding   

  12  0:00  SCV  
  13  0:12  SCV  
  14  0:18  Supply Depot  
  14  0:24  SCV  
  15  0:40  SCV, Barracks  
  16  0:47  Refinery  
  16  0:52  SCV  
  16  0:55  Refinery  
  17  1:04  SCV  
  18  1:16  SCV  
  19  1:30  Orbital Command  
  19  1:31  Reaper  
  20  1:47  Factory, Bunker  
  20  1:55  SCV  
  21  2:03  Reaper  
  21  2:06  Supply Depot  
  22  2:09  SCV  
  23  2:28  SCV  
  24  2:43  Factory Tech Lab  
  24  2:46  SCV  
  24  2:49  Starport  
  23  2:57  Command Center  
  23  2:58  SCV  
  23  3:01  Cyclone  
  23  3:04  Supply Depot  
  27  3:10  SCV  
  28  3:23  SCV  
  28  3:25  Mag-Field Accelerator  
  28  3:26  Starport Tech Lab  
  29  3:31  Refinery  
  29  3:34  Refinery  
  29  3:36  SCV  
  29  3:37  Cyclone  
  33  3:45  Banshee  
  37  3:48  SCV  
  37  3:52  Cloaking Field  
  37  4:00  SCV  
  38  4:09  Orbital Command  
  38  4:12  Cyclone  
  38  4:16  SCV  
  42  4:25  Factory  
  42  4:31  Banshee  
  42  4:32  SCV  
  42  4:35  SCV  
  47  4:42  Supply Depot  
  47  4:44  SCV  
  48  4:50  Cyclone  
  51  4:53  SCV  
  51  4:57  SCV  
  53  5:10  Factory Tech Lab  
  53  5:13  Factory  
  53  5:14  Engineering Bay  
  53  5:21  SCV  
  54  5:25  SCV  
  55  5:28  Cyclone  
  55  5:33  SCV  
  56  5:37  SCV  
  56  5:42  Missile Turret  
  57  5:44  Missile Turret  
  57  5:46  SCV  
  57  5:49  Cyclone  
  61  5:57  SCV  
  59  6:14  Factory  
  59  6:15  Factory  
  62  6:34  Supply Depot  
Tags
 
Add a new tag
Caveats
  • Supply blocks, unpowered buildings, or Contaminate may cause inaccurate times.
  • Supply counts are checked every 10 seconds.